| TOP OF THE 1ST |
|
Hawaii Islanders batting - Pitching for Spokane Indians : RHP Gordon Guzenski
|
|
Pitching: RHP Gordon Guzenski
|
|
|
Batting: RHB Joe Strain
|
0-0: Called Strike 0-1: Swinging Strike 0-2: Ball 1-2: Fly out, F7 (Flyball, 7D, EV 84.4 MPH)
|
|
Batting: LHB Creighton Tevlin
|
0-0: Ground out U3 (Groundball, 3, EV 84.4 MPH)
|
|
Batting: LHB Dom Fucci
|
0-0: Ball 1-0: Called Strike 1-1: Foul Ball, location: 2F 1-2: Ball 2-2: Foul Ball, location: 2F 2-2: Strikes out swinging
|
| Top of the 1st over - 0 runs, 0 hits, 0 errors, 0 left on base; Hawaii 0 - Spokane 0 |
| BOTTOM OF THE 1ST |
|
Spokane Indians batting - Pitching for Hawaii Islanders : LHP Jeff Grose
|
|
Pitching: LHP Jeff Grose
|
|
|
Batting: SHB Jose Oquendo
|
0-0: Ball 1-0: Ball 2-0: Called Strike 2-1: Ball 3-1: Foul Ball, location: 2F 3-2: Foul Ball, location: 2F 3-2: Foul Ball, location: 2F 3-2: Base on Balls
|
|
Batting: LHB Stu Pederson
|
0-0: Foul Ball, location: 2F 0-1: Called Strike 0-2: Strikes out looking
|
|
Batting: RHB Tom Watkins
|
0-0: Called Strike 0-1: Foul Ball, location: 2F 0-2: Strikes out swinging
|
|
Batting: RHB Reggie Whittemore
|
0-0: Ball 1-0: Ball 2-0: Called Strike 2-1: Ball 3-1: Base on Balls Jose Oquendo to second
|
|
Batting: RHB Craig Landis
|
0-0: Foul Ball, location: 2F 0-1: Ball 1-1: Foul Ball, location: 2F 1-2: Foul Ball, location: 2F 1-2: Foul Ball, location: 2F 1-2: Ball 2-2: Foul Ball, location: 2F 2-2: Ball 3-2: SINGLE (Line Drive, 7S, EV 91.9 MPH) Jose Oquendo to third Reggie Whittemore to second Jose Oquendo scores Reggie Whittemore to third
|
|
Batting: RHB John Hanley
|
0-0: Foul Ball, location: 2F 0-1: Foul Ball, location: 2F 0-2: Ball 1-2: Ball 2-2: Foul Ball, location: 2F 2-2: Strikes out swinging
|
| Bottom of the 1st over - 1 run, 1 hit, 0 errors, 2 left on base; Hawaii 0 - Spokane 1 |
| TOP OF THE 2ND |
|
Hawaii Islanders batting - Pitching for Spokane Indians : RHP Gordon Guzenski
|
|
Batting: LHB Jerry Willard
|
0-0: Ball 1-0: Called Strike 1-1: Ball 2-1: Called Strike 2-2: Strikes out swinging
|
|
Batting: RHB Dave L Stapleton
|
0-0: Ground out 6-3 (Groundball, 6, EV 81.3 MPH)
|
|
Batting: RHB Chris Nyman
|
0-0: Ball 1-0: Called Strike 1-1: Ball 2-1: Ball 3-1: Base on Balls
|
|
Batting: LHB Joe DeSa
|
0-0: Called Strike 0-1: Swinging Strike 0-2: Ball 1-2: Strikes out swinging passed ball, reaches first! Chris Nyman to second
|
|
Batting: RHB Jon Hansen
|
0-0: Called Strike 0-1: Foul Ball, location: 2F 0-2: Fly out, F9 (Flyball, 9, EV 83.8 MPH)
|
| Top of the 2nd over - 0 runs, 0 hits, 0 errors, 2 left on base; Hawaii 0 - Spokane 1 |
| BOTTOM OF THE 2ND |
|
Spokane Indians batting - Pitching for Hawaii Islanders : LHP Jeff Grose
|
|
Batting: RHB Cleo Smith
|
0-0: Ball 1-0: Ball 2-0: Ball 3-0: Base on Balls
|
|
Batting: LHB Dave Stockstill
|
0-0: Ball 1-0: Ball 2-0: Foul Ball, location: 2F 2-1: Swinging Strike 2-2: Foul Ball, location: 2F 2-2: Fly out, F8 (Flyball, 78D, EV 96.9 MPH)
|
|
Batting: RHB Ty Waller
|
0-0: Called Strike 0-1: Ball 1-1: Fielders Choice at 2nd, 3-6 (Groundball, 34S, EV 83.8 MPH)
|
|
Batting: SHB Jose Oquendo
|
0-0: Ball 1-0: Ball 2-0: Ball Passed Ball! Ty Waller to second 3-0: Base on Balls
|
|
Batting: LHB Stu Pederson
|
0-0: Fly out, F9 (Flyball, 9D, EV 81.9 MPH)
|
| Bottom of the 2nd over - 0 runs, 0 hits, 0 errors, 2 left on base; Hawaii 0 - Spokane 1 |
| TOP OF THE 3RD |
|
Hawaii Islanders batting - Pitching for Spokane Indians : RHP Gordon Guzenski
|
|
Batting: RHB Michael Hanson
|
0-0: Foul Ball, location: 2F 0-1: Ball 1-1: Ball 2-1: Reached on error, E5 (Groundball, 56, EV 93.1 MPH)
|
|
Batting: RHB Joe Strain
|
0-0: Ball 1-0: Swinging Strike 1-1: Ball Michael Hanson is caught stealing 2nd base 2-4 2-1: Foul Ball, location: 2F 2-2: Ball 3-2: Foul Ball, location: 2F 3-2: Strikes out swinging
|
|
Batting: LHB Creighton Tevlin
|
0-0: Ball 1-0: Ball 2-0: Called Strike 2-1: Foul Ball, location: 2F 2-2: Ball 3-2: Strikes out swinging
|
| Top of the 3rd over - 0 runs, 0 hits, 1 error, 0 left on base; Hawaii 0 - Spokane 1 |
| BOTTOM OF THE 3RD |
|
Spokane Indians batting - Pitching for Hawaii Islanders : LHP Jeff Grose
|
|
Batting: RHB Tom Watkins
|
0-0: Ground out U3 (Groundball, 3L, EV 77.5 MPH)
|
|
Batting: RHB Reggie Whittemore
|
0-0: Ball 1-0: Ball 2-0: Ball 3-0: Base on Balls
|
|
Batting: RHB Craig Landis
|
Pickoff Throw to First - Out! 1-3 0-0: Foul Ball, location: 2F 0-1: SINGLE (Flyball, 4D, EV 88.1 MPH)
|
|
Batting: RHB John Hanley
|
0-0: Swinging Strike 0-1: Called Strike 0-2: Foul Ball, location: 2F 0-2: Ball 1-2: Ball 2-2: Strikes out swinging
|
| Bottom of the 3rd over - 0 runs, 1 hit, 0 errors, 1 left on base; Hawaii 0 - Spokane 1 |
| TOP OF THE 4TH |
|
Hawaii Islanders batting - Pitching for Spokane Indians : RHP Gordon Guzenski
|
|
Batting: LHB Dom Fucci
|
0-0: Called Strike 0-1: Ball 1-1: Foul Ball, location: 2F 1-2: Ball 2-2: Strikes out swinging
|
|
Batting: LHB Jerry Willard
|
0-0: Ball 1-0: Called Strike 1-1: Called Strike 1-2: Foul Ball, location: 2F 1-2: Foul Ball, location: 2F 1-2: Ball 2-2: Strikes out swinging
|
|
Batting: RHB Dave L Stapleton
|
0-0: Called Strike 0-1: Foul Ball, location: 2F 0-2: Foul Ball, location: 2F 0-2: SINGLE (Line Drive, 89S, EV 94.4 MPH)
|
|
Batting: RHB Chris Nyman
|
0-0: Ball 1-0: Called Strike 1-1: Fielders Choice at 2nd, 6-4 (Groundball, 6, EV 106.9 MPH)
|
| Top of the 4th over - 0 runs, 1 hit, 0 errors, 1 left on base; Hawaii 0 - Spokane 1 |
| BOTTOM OF THE 4TH |
|
Spokane Indians batting - Pitching for Hawaii Islanders : LHP Jeff Grose
|
|
Batting: RHB Cleo Smith
|
0-0: Called Strike 0-1: Swinging Strike 0-2: Strikes out looking
|
|
Batting: LHB Dave Stockstill
|
0-0: Ball 1-0: Ball 2-0: Called Strike 2-1: Called Strike 2-2: Strikes out looking
|
|
Batting: RHB Ty Waller
|
0-0: Fly out, F8 (Flyball, 89XD, EV 86.3 MPH)
|
| Bottom of the 4th over - 0 runs, 0 hits, 0 errors, 0 left on base; Hawaii 0 - Spokane 1 |
| TOP OF THE 5TH |
|
Hawaii Islanders batting - Pitching for Spokane Indians : RHP Gordon Guzenski
|
|
Batting: LHB Joe DeSa
|
0-0: Ball 1-0: Ground out 4-3 (Groundball, 4, EV 90.6 MPH)
|
|
Batting: RHB Jon Hansen
|
0-0: Swinging Strike 0-1: Swinging Strike 0-2: Fly out, F9 (Flyball, 9LM, EV 84.4 MPH)
|
|
Batting: RHB Michael Hanson
|
0-0: Called Strike 0-1: Called Strike 0-2: Foul Ball, location: 2F 0-2: Strikes out looking
|
| Top of the 5th over - 0 runs, 0 hits, 0 errors, 0 left on base; Hawaii 0 - Spokane 1 |
| BOTTOM OF THE 5TH |
|
Spokane Indians batting - Pitching for Hawaii Islanders : LHP Jeff Grose
|
|
Batting: SHB Jose Oquendo
|
0-0: Fly out, F1 (Popup, 15, EV 81.9 MPH)
|
|
Batting: LHB Stu Pederson
|
0-0: Called Strike 0-1: Ball 1-1: SINGLE (Groundball, 25, EV 65.0 MPH) (infield hit)
|
|
Batting: RHB Tom Watkins
|
0-0: Foul Ball, location: 2F 0-1: Ball 1-1: Ball Stu Pederson steals 2nd base 2-1: Foul Ball, location: 2F 2-2: SINGLE (Line Drive, 78S, EV 98.8 MPH) Stu Pederson to third Runner from 3rd tries for Home, SAFE, throw by LF to home
|
|
Batting: RHB Reggie Whittemore
|
0-0: Ball 1-0: Ball 2-0: Ball 3-0: Foul Ball, location: 2F 3-1: Base on Balls Tom Watkins to second
|
|
Batting: RHB Craig Landis
|
0-0: Fielders Choice at 2nd, 5-4 (Groundball, 56, EV 100.0 MPH) Tom Watkins to third
|
|
Batting: RHB John Hanley
|
0-0: Ball 1-0: Called Strike 1-1: Foul Ball, location: 2F 1-2: Strikes out swinging
|
| Bottom of the 5th over - 1 run, 2 hits, 0 errors, 2 left on base; Hawaii 0 - Spokane 2 |
| TOP OF THE 6TH |
|
Hawaii Islanders batting - Pitching for Spokane Indians : RHP Gordon Guzenski
|
|
Batting: RHB Joe Strain
|
0-0: Ball 1-0: Ball 2-0: Ball 3-0: Base on Balls
|
|
Batting: LHB Creighton Tevlin
|
0-0: Ball 1-0: Fly out, F7 (Flyball, 7S, EV 90.6 MPH)
|
|
Batting: LHB Dom Fucci
|
0-0: Hit by Pitch Joe Strain to second
|
|
Batting: LHB Jerry Willard
|
0-0: Ball 1-0: Swinging Strike 1-1: Foul Ball, location: 2F 1-2: Ball 2-2: Strikes out swinging
|
|
Batting: RHB Dave L Stapleton
|
0-0: Ball 1-0: Called Strike 1-1: Foul Ball, location: 2F 1-2: Ground out 4-3 (Groundball, 4S, EV 88.8 MPH)
|
| Top of the 6th over - 0 runs, 0 hits, 0 errors, 2 left on base; Hawaii 0 - Spokane 2 |
| BOTTOM OF THE 6TH |
|
Spokane Indians batting - Pitching for Hawaii Islanders : LHP Jeff Grose
|
|
Batting: RHB Cleo Smith
|
0-0: Ball 1-0: Ball 2-0: Ball 3-0: Foul Ball, location: 2F 3-1: Foul Ball, location: 2F 3-2: Foul Ball, location: 2F 3-2: Foul Ball, location: 2F 3-2: Strikes out looking
|
|
Batting: LHB Dave Stockstill
|
0-0: Called Strike 0-1: Swinging Strike 0-2: Strikes out looking
|
|
Batting: RHB Ty Waller
|
0-0: Swinging Strike 0-1: Ball 1-1: Ball 2-1: Swinging Strike 2-2: Strikes out swinging
|
| Bottom of the 6th over - 0 runs, 0 hits, 0 errors, 0 left on base; Hawaii 0 - Spokane 2 |
| TOP OF THE 7TH |
|
Hawaii Islanders batting - Pitching for Spokane Indians : RHP Gordon Guzenski
|
|
Batting: RHB Chris Nyman
|
0-0: Foul Ball, location: 2F 0-1: Hit by Pitch
|
|
Batting: LHB Joe DeSa
|
0-0: Swinging Strike Passed Ball! Chris Nyman to second 0-1: Swinging Strike 0-2: Ball 1-2: Ball 2-2: Foul Ball, location: 2F 2-2: Foul Ball, location: 2F 2-2: Foul Ball, location: 2F 2-2: Fly out, F7 (Flyball, 7LS, EV 86.9 MPH)
|
|
Batting: RHB Jon Hansen
|
0-0: Foul Ball, location: 2F 0-1: Foul Ball, location: 2F 0-2: Ground out 6-3 (Groundball, 6S, EV 86.3 MPH) Chris Nyman to third
|
|
Batting: RHB Michael Hanson
|
0-0: Ball 1-0: Ball 2-0: Called Strike 2-1: Ball 3-1: Base on Balls
|
|
Batting: RHB Joe Strain
|
0-0: Ball 1-0: SINGLE (Groundball, 56, EV 104.4 MPH) (infield hit) Chris Nyman scores Michael Hanson to second
|
|
Batting: LHB Creighton Tevlin
|
0-0: Foul Ball, location: 2F 0-1: Ball 1-1: SINGLE (Groundball, 6S, EV 71.9 MPH) (infield hit) Michael Hanson to third Joe Strain to second
|
|
Batting: LHB Dom Fucci
|
0-0: Ball 1-0: Ball 2-0: Called Strike 2-1: Ball 3-1: Foul Ball, location: 2F 3-2: Foul Ball, location: 2F 3-2: Base on Balls Michael Hanson scores Joe Strain to third Creighton Tevlin to second
|
|
Batting: LHB Jerry Willard
|
0-0: Ball 1-0: SINGLE (Line Drive, 9LM, EV 103.8 MPH) Joe Strain scores Creighton Tevlin to third Dom Fucci to second Runner from 3rd tries for Home, SAFE, no throw by RF
|
|
Batting: RHB Dave L Stapleton
|
0-0: Called Strike 0-1: Ball 1-1: SINGLE (Line Drive, 34D, EV 94.4 MPH) Dom Fucci to third Jerry Willard to second Runner from 3rd tries for Home, SAFE, throw by RF to home
|
|
Pitching: RHP Bob Walk
|
|
|
Batting: RHB Chris Nyman
|
0-0: Ball 1-0: Called Strike 1-1: Ball 2-1: Foul Ball, location: 2F 2-2: Foul Ball, location: 2F 2-2: Ball 3-2: Ground out 6-3 (Groundball, 6, EV 79.4 MPH)
|
| Top of the 7th over - 5 runs, 4 hits, 0 errors, 2 left on base; Hawaii 5 - Spokane 2 |
| BOTTOM OF THE 7TH |
|
Spokane Indians batting - Pitching for Hawaii Islanders : LHP Jeff Grose
|
|
Batting: SHB Jose Oquendo
|
0-0: Foul Ball, location: 2F 0-1: Ball 1-1: Swinging Strike 1-2: Ground out U3 (Groundball, 34, EV 81.9 MPH)
|
|
Batting: LHB Stu Pederson
|
0-0: Ball 1-0: Swinging Strike 1-1: Ball 2-1: Swinging Strike 2-2: Foul Ball, location: 2F 2-2: Strikes out looking
|
|
Batting: RHB Tom Watkins
|
0-0: Ball 1-0: Swinging Strike 1-1: Swinging Strike 1-2: Ball 2-2: Ball 3-2: Strikes out looking
|
| Bottom of the 7th over - 0 runs, 0 hits, 0 errors, 0 left on base; Hawaii 5 - Spokane 2 |
| TOP OF THE 8TH |
|
Hawaii Islanders batting - Pitching for Spokane Indians : RHP Bob Walk
|
|
Batting: LHB Joe DeSa
|
0-0: Ball 1-0: Ball 2-0: Foul Ball, location: 2F 2-1: Ball 3-1: Base on Balls
|
|
Batting: RHB Jon Hansen
|
0-0: Called Strike 0-1: Grounds into double play, 5-4-3 (Groundball, 5L, EV 98.8 MPH)
|
|
Batting: RHB Michael Hanson
|
0-0: Called Strike 0-1: Ball 1-1: SINGLE (Groundball, 34S, EV 81.3 MPH) (infield hit)
|
|
Batting: RHB Joe Strain
|
0-0: Ball Michael Hanson steals 2nd base 1-0: Fly out, F7 (Flyball, 78S, EV 88.1 MPH)
|
| Top of the 8th over - 0 runs, 1 hit, 0 errors, 1 left on base; Hawaii 5 - Spokane 2 |
| BOTTOM OF THE 8TH |
|
Spokane Indians batting - Pitching for Hawaii Islanders : LHP Jeff Grose
|
|
Batting: RHB Reggie Whittemore
|
0-0: Called Strike 0-1: Ball 1-1: Foul Ball, location: 2F 1-2: Ball 2-2: Foul Ball, location: 2F 2-2: Foul Ball, location: 2F 2-2: Foul Ball, location: 2F 2-2: Ball 3-2: Base on Balls
|
|
Pitching: RHP John Butcher
|
|
|
Batting: RHB Craig Landis
|
0-0: Ball 1-0: Called Strike 1-1: Swinging Strike 1-2: SINGLE (Groundball, 56D, EV 102.5 MPH) Reggie Whittemore to second
|
|
Batting: RHB John Hanley
|
0-0: Called Strike 0-1: Ball 1-1: Fly out, F7 (Flyball, 7S, EV 84.4 MPH)
|
|
Batting: RHB Cleo Smith
|
0-0: Ball 1-0: Foul Ball, location: 2F 1-1: Fly out, F7 (Flyball, 78M, EV 80.6 MPH)
|
|
Batting: LHB Dave Stockstill
|
0-0: Ball 1-0: Ball 2-0: Called Strike 2-1: Ball 3-1: Base on Balls Reggie Whittemore to third Craig Landis to second
|
|
Pitching: LHP Richard Broas
|
|
|
Pinch Hitting: RHB Matthew Tyner
|
0-0: Foul Ball, location: 2F 0-1: Foul Ball, location: 2F 0-2: Ball 1-2: Strikes out swinging
|
| Bottom of the 8th over - 0 runs, 1 hit, 0 errors, 3 left on base; Hawaii 5 - Spokane 2 |
| TOP OF THE 9TH |
|
Hawaii Islanders batting - Pitching for Spokane Indians : RHP Bob Walk
|
|
Now at 3B: Matthew Tyner
|
|
|
Batting: LHB Creighton Tevlin
|
0-0: Ball 1-0: Called Strike 1-1: Ground out 6-3 (Groundball, 6, EV 82.5 MPH)
|
|
Batting: LHB Dom Fucci
|
0-0: Swinging Strike 0-1: Ball 1-1: Ball 2-1: Ground out 6-3 (Groundball, 6, EV 100.6 MPH)
|
|
Batting: LHB Jerry Willard
|
0-0: Called Strike 0-1: Ball 1-1: Swinging Strike 1-2: Ball 2-2: Strikes out looking
|
| Top of the 9th over - 0 runs, 0 hits, 0 errors, 0 left on base; Hawaii 5 - Spokane 2 |
| BOTTOM OF THE 9TH |
|
Spokane Indians batting - Pitching for Hawaii Islanders : LHP Richard Broas
|
|
Batting: SHB Jose Oquendo
|
0-0: Foul Ball, location: 2F 0-1: Ball 1-1: SINGLE (Flyball, 8RS, EV 90.6 MPH)
|
|
Batting: LHB Stu Pederson
|
0-0: Ball 1-0: Called Strike 1-1: Ball 2-1: Fly out, F8 (Line Drive, 8RM, EV 86.3 MPH)
|
|
Batting: RHB Tom Watkins
|
0-0: Ball 1-0: Ball 2-0: Swinging Strike 2-1: Ball 3-1: Base on Balls Jose Oquendo to second
|
|
Batting: RHB Reggie Whittemore
|
0-0: Called Strike 0-1: Swinging Strike 0-2: Foul Ball, location: 2F 0-2: Fly out, F9 (Line Drive, 9, EV 91.3 MPH)
|
|
Batting: RHB Craig Landis
|
0-0: Called Strike 0-1: Fielders Choice at 2nd, 6-4 (Groundball, 6, EV 100.0 MPH)
|
| Bottom of the 9th over - 0 runs, 1 hit, 0 errors, 2 left on base; Hawaii 5 - Spokane 2 |
|